 Dungeon Crawl Stone Soup version 0.27-a0-686-gaed091b46b (webtiles) character file.

Game seed: 5990743254931715600

447 Lanoc the Cudgeller (level 7, -7/57 (59) HPs)
             Began as a Gnoll Chaos Knight on Mar 20, 2021.
             Was a Plaything of Xom.
             Killed from afar by a steam dragon (11 damage)
             ... with a ball of steam
             ... on level 4 of the Dungeon.
             The game lasted 00:04:35 (2897 turns).

Lanoc the Cudgeller (Gnoll Chaos Knight)            Turns: 2897, Time: 00:04:36

HP:   -7/57 (59)    AC:  6    Str: 11    XL:     7   Next: 3%
MP:   10/10         EV: 12    Int: 11    God:    Xom [.....*]
Gold: 125           SH:  0    Dex: 14    Spells: 10/10 levels left

rFire    . . .     SeeInvis .   a - +0 mace (chaos)
rCold    . . .     Faith    .   (no shield)
rNeg     . . .     Spirit   .   k - +2 leather armour
rPois    .         Reflect  .   (no helmet)
rElec    .         Harm     .   (no cloak)
rCorr    .         Rampage  .   j - +0 pair of gloves
Will     .....                  (no boots)
Stlth    ++........             (no amulet)
HPRegen  0.19/turn              (no ring)
MPRegen  0.12/turn              (no ring)

@: lightly drained
A: fangs 1, strong nose, distributed training
a: Renounce Religion


You were on level 4 of the Dungeon.
You worshipped Xom.
You were Xom's teddy bear.
You visited 1 branch of the dungeon, and saw 4 of its levels.

You collected 125 gold pieces.

Inventory:

Hand Weapons
 a - a +0 mace of chaos (weapon)
 b - a +0 hunting sling
Missiles
 g - 13 sling bullets
 h - 85 stones (quivered)
Armour
 j - a +0 pair of gloves (worn)
 k - a +2 leather armour (worn)
Scrolls
 c - a scroll of random uselessness {unknown}
 e - 2 scrolls of identify {unknown}
 f - 2 scrolls of amnesia {unknown}
 l - a scroll of fog {unknown}
 p - a scroll of summoning {unknown}
Potions
 m - a potion of flight {unknown}
 n - a potion of magic {unknown}
 o - a potion of attraction {unknown}
 q - a potion of might {unknown}


   Skills:
 + Level 6.9 Fighting
 + Level 2.2 Short Blades
 + Level 2.2 Long Blades
 + Level 2.2 Axes
 + Level 6.9 Maces & Flails
 + Level 2.2 Polearms
 + Level 2.2 Staves
 + Level 2.2 Slings
 + Level 2.2 Bows
 + Level 2.2 Crossbows
 + Level 2.2 Throwing
 + Level 5.1 Armour
 + Level 3.4 Dodging
 + Level 2.2 Stealth
 + Level 2.2 Shields
 + Level 2.2 Unarmed Combat
 + Level 2.2 Spellcasting
 + Level 1.8 Conjurations
 + Level 1.8 Hexes
 + Level 1.8 Summonings
 + Level 1.8 Necromancy
 + Level 1.8 Translocations
 + Level 1.8 Transmutations
 + Level 1.8 Fire Magic
 + Level 1.8 Ice Magic
 + Level 1.8 Air Magic
 + Level 1.8 Earth Magic
 + Level 1.8 Poison Magic
 + Level 2.4 Invocations
 + Level 2.2 Evocations


You had 10 spell levels left.
You didn't know any spells.
Your spell library was empty.

Dungeon Overview and Level Annotations

Branches:
Dungeon (4/15)
 Temple: D:4-7

Altars:
Gozag
Xom
Zin

Shops:
D:4 *


Innate Abilities, Weirdness & Mutations

You have very sharp teeth.
Your uncanny sense of smell can sniff out nearby items.
Your experience applies equally to all skills.


Message History

It was a potion of resistance.
You feel protected.
Xom thinks this is hilarious!
The steam dragon misses you. The steam dragon claws you.
* * * LOW HITPOINT WARNING * * *
The steam dragon barely misses you. x2
The steam dragon misses you.
The steam dragon claws you but does no damage.
The steam dragon breathes steam at you. The ball of steam hits you. You resist.
* * * LOW HITPOINT WARNING * * *
Xom gives a demonstration of destructive might.
The fireball engulfs the steam dragon!
The adder is engulfed in a cloud of scalding steam.
The adder dies!
The steam dragon bites you but does no damage.
The steam dragon claws you but does no damage.
You barely miss the steam dragon.
The steam dragon is heavily wounded.
The steam dragon closely misses you. The steam dragon barely misses you.
The steam dragon bites you but does no damage.
The steam dragon claws you.
* * * LOW HITPOINT WARNING * * *
You closely miss the steam dragon.
The steam dragon is heavily wounded.
The steam dragon breathes steam at you. The ball of steam hits you. You resist.
* * * LOW HITPOINT WARNING * * *
Okay, then.
The steam dragon barely misses you.
The steam dragon claws you but does no damage.
It was a potion of cancellation.
Your magical effects are unravelling.
You feel magically purged.
Xom roars with laughter!
Your resistance to elements expires.
The steam dragon breathes steam at you. The ball of steam hits you!
You die...
Xom giggles madly!

##.. ###.# #................
...# #.# #......#...##....
...###.# #......#########. #
#...##.###.#.......# #.
..###...##..##..(##....# #.
#......###..#..###.....# #...
∆#.#....####.#..#######..##...
#....>..###§§§.............#.
..###.....§.§@D..########..##.
∆#.....###§§#.# #.. #.
#...#.###§.#.# #. ..
......#..##..#§### # #.
∆#.#....##.....#§..#
#......######.#...# .###..##
#.....# #.. #_#...# #.#...#


You could see a steam dragon (fast, catching breath).

Vanquished Creatures
  Sigmund (D:3)
  A kobold brigand (D:3)
  An orc priest (D:4)
  An iguana (D:3)
  An orc wizard (D:4)
  A worker ant (D:3)
  A hound skeleton (D:4)
  4 adders
  An ooze (D:3)
  An adder skeleton (D:4)
  2 worms
  2 leopard geckos
  9 orcs
  2 bats
  A giant cockroach (D:3)
  6 hobgoblins
  A jackal (D:3)
  8 kobolds
  A ball python (D:2)
  A frilled lizard (D:2)
  3 goblins
  4 rats
53 creatures vanquished.

Vanquished Creatures (others)
  An adder (D:4)
  5 plants (D:1)
6 creatures vanquished.

Grand Total: 59 creatures vanquished

Notes
Turn   | Place    | Note
-------+----------+-------------------------------------------
     0 | D:1      | Lanoc the Gnoll Chaos Knight began the quest for the Orb.
     0 | D:1      | Reached XP level 1. HP: 23/23 MP: 1/1
    80 | D:3      | Noticed an orc wizard
    91 | D:3      | XOM: silly message
   103 | D:3      | Reached XP level 2. HP: 20/29 MP: 2/2
   112 | D:3      | XOM: silly message
   335 | D:3      | Noticed Sigmund
   409 | D:2      | Reached XP level 3. HP: 31/35 MP: 2/4
   533 | D:2      | XOM: divination: detect items
   767 | D:3      | Reached skill level 1 in Invocations
   775 | D:3      | XOM: polymorph something unseen -> iguana
   785 | D:3      | Reached skill level 1 in Short Blades
   785 | D:3      | Reached skill level 1 in Long Blades
   785 | D:3      | Reached skill level 1 in Axes
   785 | D:3      | Reached skill level 1 in Polearms
   785 | D:3      | Reached skill level 1 in Staves
   785 | D:3      | Reached skill level 1 in Slings
   785 | D:3      | Reached skill level 1 in Bows
   785 | D:3      | Reached skill level 1 in Crossbows
   785 | D:3      | Reached skill level 1 in Throwing
   785 | D:3      | Reached skill level 1 in Stealth
   785 | D:3      | Reached skill level 1 in Shields
   785 | D:3      | Reached skill level 1 in Unarmed Combat
   785 | D:3      | Reached skill level 1 in Spellcasting
   785 | D:3      | Reached skill level 1 in Evocations
   785 | D:3      | Reached XP level 4. HP: 32/41 MP: 5/5
  1056 | D:3      | Reached skill level 1 in Conjurations
  1056 | D:3      | Reached skill level 1 in Hexes
  1056 | D:3      | Reached skill level 1 in Summonings
  1056 | D:3      | Reached skill level 1 in Necromancy
  1056 | D:3      | Reached skill level 1 in Translocations
  1056 | D:3      | Reached skill level 1 in Transmutations
  1056 | D:3      | Reached skill level 1 in Fire Magic
  1056 | D:3      | Reached skill level 1 in Ice Magic
  1056 | D:3      | Reached skill level 1 in Air Magic
  1056 | D:3      | Reached skill level 1 in Earth Magic
  1056 | D:3      | Reached skill level 1 in Poison Magic
  1197 | D:3      | XOM: divination: detect creatures
  1235 | D:3      | Killed Sigmund
  1236 | D:3      | Reached XP level 5. HP: 13/47 MP: 5/7
  1236 | D:3      | Reached XP level 6. HP: 15/53 MP: 5/8
  1475 | D:3      | Found an opulent altar of Gozag.
  1540 | D:3      | Reached skill level 5 in Armour
  1684 | D:3      | XOM: 1-stop teleportation journey
  1757 | D:3      | XOM: cloud trail
  2415 | D:4      | XOM: cloud trail
  2451 | D:4      | Found a glowing silver altar of Zin.
  2471 | D:4      | Found Qofounga's Assorted Antiques.
  2477 | D:4      | XOM: divination: detect creatures
  2481 | D:4      | XOM: smoke on damage
  2676 | D:4      | XOM: confuse monster(s)
  2678 | D:4      | Reached XP level 7. HP: 31/57 MP: 10/10
  2876 | D:4      | Noticed a steam dragon
  2876 | D:4      | a worker ant changed into a steam dragon
  2876 | D:4      | XOM: polymorph worker ant -> steam dragon
  2885 | D:4      | XOM: scenery: create altars
  2892 | D:4      | XOM: destruction
  2897 | D:4      | Killed from afar by a steam dragon

Illustrated notes

Levels and vault maps discovered:
D:1:      roderic_crop_circles_arrival_small, layout_basic
D:2:      layout_rooms
D:3:      cheibrodos_thug_alley, layout_basic, lemuel_crystal_altar,
          uniq_sigmund
D:4:      layout_rooms, gammafunk_temple_overflow_wave, lemuel_doored_altar,
          serial_shops, nicolae_shop_waterfront, grunt_ministairs_6,
          roderic_batcave, minmay_starry_boxes

Skill      XL: |  1  2  3  4  5  6 |
---------------+-------------------+-----
Invocations    | 1 2 |  2.4
Short Blades   | 1 2 |  2.2
Long Blades    | 1 2 |  2.2
Axes           | 1 2 |  2.2
Polearms       | 1 2 |  2.2
Staves         | 1 2 |  2.2
Slings         | 1 2 |  2.2
Bows           | 1 2 |  2.2
Crossbows      | 1 2 |  2.2
Throwing       | 1 2 |  2.2
Stealth        | 1 2 |  2.2
Shields        | 1 2 |  2.2
Unarmed Combat | 1 2 |  2.2
Spellcasting   | 1 2 |  2.2
Evocations     | 1 2 |  2.2
Conjurations   | 1 |  1.8
Hexes          | 1 |  1.8
Summonings     | 1 |  1.8
Necromancy     | 1 |  1.8
Translocations | 1 |  1.8
Transmutations | 1 |  1.8
Fire Magic     | 1 |  1.8
Ice Magic      | 1 |  1.8
Air Magic      | 1 |  1.8
Earth Magic    | 1 |  1.8
Poison Magic   | 1 |  1.8
Dodging        | 3 |  3.4
Armour         | 5 |  5.1
Fighting       | |  6.9
Maces & Flails | |  6.9

Action                   |  1- 3 |  4- 6 |  7- 9 || total
-------------------------+-------+-------+-------++-------
Melee: Mace              |    59 |   116 |    11 ||   186
       Bite              |     9 |     6 |     1 ||    16
 Fire: Hunting sling     |     7 |    34 |       ||    41
Throw: Stone             |     2 |       |       ||     2
  Use: Potion            |       |       |     2 ||     2
 Stab: Paralysed         |     3 |       |       ||     3
       Confused          |       |     1 |       ||     1
       Sleeping          |       |     1 |       ||     1
Armor: Leather armour    |    14 |    25 |     7 ||    46
Dodge: Dodged            |    37 |    62 |    13 ||   112

Table legend: (Time is in decaauts)
 A = Elapsed time spent in this place.
 B = Non-inter-level travel time spent in this place.
 C = Inter-level travel time spent in this place.
 D = Time resting spent in this place.
 E = Time spent auto-exploring this place.
 F = Levels seen in this place.
 G = Mean time per level.
                   A        B        C        D        E       F      G
               +--------+--------+--------+--------+--------+-----+--------+
         Total |   2913 |   2869 |     44 |      0 |   2314 |   4 |  728.2 |
       Dungeon |   2913 |   2869 |     44 |      0 |   2314 |   4 |  728.2 |
               +--------+--------+--------+--------+--------+-----+--------+

Top non-repeatable levels by time:
     D:3: 1646 daAuts
     D:4: 698 daAuts
     D:2: 549 daAuts
     D:1: 19 daAuts
